 Dungeon Sprint DCSS version 0.31-a0-963-ga325b2283a (webtiles) character file.

Game seed: 6001846720133751515

945 sircluck the Grappler (level 7, -1/81 HPs)
             Began as a Troll Berserker on Oct 25, 2023.
             Was a High Priest of Trog.
             Killed from afar by a molten gargoyle (15 damage)
             ... with a bolt of magma
             ... in the Dungeon (Sprint VII: "The Pits").
             The game lasted 00:00:56 (310 turns).

sircluck the Grappler (Troll Berserker)              Turns: 310, Time: 00:00:57

Health: -1/81      AC:  4    Str: 28    XL:     7   Next: 89%
Magic:  6/6        EV: 12    Int:  3    God:    Trog [*****.]
Gold:   0          SH:  0    Dex:  9    Spells: 6/6 levels left

rFire   . .          .
                       - Unarmed
rCold   . . .        (no shield)
rNeg    . . .        a - +0 animal skin
rPois   .            (helmet restricted)
rElec   .            (no cloak)
rCorr   .            (gloves unavailable)
SInv    .            (boots unavailable)
Will    .....        (no amulet)
Stlth   +            (no ring)
HPRegen 1.13/turn    (no ring)
MPRegen 0.10/turn

%: no teleportation
@: no status effects
A: large, unfitting armour, claws 3, regeneration 1, shaggy fur 1, tough skin 1
a: Renounce Religion, Berserk, Trog's Hand, Brothers in Arms


You were in the Dungeon.
You worshipped Trog.
Trog was extremely pleased with you.
You visited 1 branch

Inventory:

Armour
 a - a +0 animal skin (worn)
Scrolls
 g - a scroll of blinking
 i - 2 scrolls of vulnerability
 j - a scroll of summoning
Potions
 b - 6 potions of curing
 c - 6 potions of heal wounds
 d - a potion of haste
 e - 4 potions of magic
 f - 3 potions of berserk rage
 h - 2 potions of invisibility


   Skills:
 + Level 8.9 Fighting
 + Level 8.8 Dodging
 + Level 10.5 Unarmed Combat


You had 6 spell levels left.
You didn't know any spells.
Your spell library was empty.

Dungeon Overview and Level Annotations

Branches:
Dungeon (1/1)

Altars:
Ashenzari
Cheibriados
Dithmenos
Elyvilon
Fedhas
Gozag
Hepliaklqana
Kikubaaqudgha
Makhleb
Nemelex Xobeh
Okawaru
Qazlal
Ru
Sif Muna
Trog
Uskayaw
Vehumet
Wu Jian
Xom
Yredelemnul
Zin
The Shining One
Jiyva
Lugonu


Innate Abilities, Weirdness & Mutations

You are too large for most types of armour.
You have claws for hands.
Your natural rate of healing is unusually fast.
You are covered in fur. (AC +1)
You have tough skin. (AC +1)


Message History

The fire bat barely misses you.
The fire bat bites you but does no damage.
You barely miss the fire bat.
The fire bat is severely wounded.
The fire bat barely misses you. The fire bat bites you.
You are engulfed in flames!
You closely miss the fire bat. You claw the fire bat!
You kill the fire bat!
Trog accepts your kill.
No target in view!
No target in view!
No target in view!
No target in view!
No target in view!
No target in view!
No target in view!
No target in view!
No target in view!
No target in view!
No target in view!
No target in view!
No target in view!
No target in view!
No target in view!
There is an open door here.
As you open the door, it creaks loudly!
A molten gargoyle comes into view. It is wielding a +0 mace.
The molten gargoyle blasts magma at you!
The bolt of magma hits you!!
The molten gargoyle hits you with a +0 mace!!
You are engulfed in flames!
There is an open door, spattered with blood here.
You scratch the molten gargoyle.
The molten gargoyle is lightly damaged.
The molten gargoyle hits you with a +0 mace!
You are engulfed in flames!
* * * LOW HITPOINT WARNING * * *
The molten gargoyle blasts magma at you!
The bolt of magma hits you!
You die...

#.#........##.......#
#)###########.......#
#.......# #########
#..#.#..# #.##.##.#
#.......#+#
#.##.##.#9+
#..#.#..#'#
#.......'@#
###########


You could see a molten gargoyle.

Vanquished Creatures
  A glass eye (D)
  Prince Ribbit (D)
  A fire bat (D)
  An orc warrior (D)
  A sky beast (D)
  An ogre (D)
  A phantom (D)
  A jelly (D)
  An orc priest (D)
  An orc wizard (D)
  An adder (D)
  An orc (D)
  An endoplasm (D)
  2 giant cockroaches (D)
  A hobgoblin (D)
  A kobold (D)
  A bat (D)
  A rat (D)
19 creatures vanquished.

Notes
Turn   | Place    | Note
-------+----------+-------------------------------------------
     0 | D        | sircluck the Troll Berserker began the quest for the Orb.
     0 | D        | Reached XP level 1. HP: 22/22 MP: 0/0
    14 | D        | Reached XP level 2. HP: 27/31 MP: 1/1
    18 | D        | Found a bloodstained altar of Trog.
    18 | D        | Found a shimmering blue altar of Sif Muna.
    18 | D        | Found a viscous altar of Jiyva.
    18 | D        | Found a hazy altar of Hepliaklqana.
    18 | D        | Found an opulent altar of Gozag.
    19 | D        | Found a glowing golden altar of the Shining One.
    19 | D        | Found a glowing silver altar of Zin.
    19 | D        | Found a basalt altar of Yredelemnul.
    19 | D        | Found a shimmering altar of Xom.
    19 | D        | Found an ornate altar of the Wu Jian Council.
    19 | D        | Found a sacrificial altar of Ru.
    19 | D        | Found a stormy altar of Qazlal.
    19 | D        | Found an iron altar of Okawaru.
    19 | D        | Found a sparkling altar of Nemelex Xobeh.
    19 | D        | Found a burning altar of Makhleb.
    19 | D        | Found a blossoming altar of Fedhas.
    19 | D        | Found a white marble altar of Elyvilon.
    19 | D        | Found a shadowy altar of Dithmenos.
    19 | D        | Found a snail-covered altar of Cheibriados.
    21 | D        | Found a radiant altar of Vehumet.
    21 | D        | Found a corrupted altar of Lugonu.
    22 | D        | Found a hide-covered altar of Uskayaw.
    22 | D        | Found an ancient bone altar of Kikubaaqudgha.
    22 | D        | Found a broken altar of Ashenzari.
    64 | D        | Reached ** piety under Trog
    68 | D        | Reached skill level 4 in Unarmed Combat
    79 | D        | Noticed a glass eye
    95 | D        | Reached *** piety under Trog
   100 | D        | Killed a glass eye
   101 | D        | Reached skill level 7 in Unarmed Combat
   101 | D        | Reached XP level 3. HP: 43/44 MP: 2/2
   101 | D        | Reached XP level 4. HP: 51/52 MP: 3/3
   101 | D        | Reached XP level 5. HP: 58/59 MP: 4/4
   148 | D        | Noticed a phantom
   149 | D        | Noticed an orc warrior
   167 | D        | Killed a phantom
   168 | D        | Reached skill level 8 in Unarmed Combat
   168 | D        | Reached XP level 6. HP: 63/68 MP: 5/5
   170 | D        | Reached **** piety under Trog
   179 | D        | Noticed a sky beast
   191 | D        | Noticed Prince Ribbit
   202 | D        | Killed a sky beast
   209 | D        | Reached skill level 9 in Unarmed Combat
   211 | D        | Reached ***** piety under Trog
   215 | D        | Killed Prince Ribbit
   216 | D        | Reached XP level 7. HP: 39/81 MP: 6/6
   229 | D        | Reached skill level 10 in Unarmed Combat
   290 | D        | Noticed a fire bat
   294 | D        | Killed a fire bat
   307 | D        | Noticed a molten gargoyle
   310 | D        | Killed from afar by a molten gargoyle

Illustrated notes

Levels and vault maps discovered:
D:        pitsprint [storerooms_1, entrance_room_1, metal_vault_6, armoury_1,
          mini_pit_1, grid_room_1, main_hall_1, silver_pit, the_coven_2,
          the_vestibule_1, steel_vault_1, golden_pit, hallway_of_sentries,
          crystal_vault_5, iron_vault_1, final_vault]

Skill      XL: |  1  2  3  4  5  6  7 |
---------------+----------------------+-----
Fighting       | 3 6 8 |  8.9
Dodging        | 3 6 8 |  8.8
Unarmed Combat | 7 8 9 10 | 10.5

Action                     |  1- 3 |  4- 6 |  7- 9 || total
---------------------------+-------+-------+-------++-------
  Melee: Unarmed           |    32 |    39 |    10 ||    81
         Punch             |     2 |     1 |     1 ||     4
 Armour: Animal skin       |    19 |    21 |    10 ||    50
  Dodge: Dodged            |    24 |     7 |     7 ||    38

Table legend: (Time is in decaauts)
 A = Elapsed time spent in this place.
 B = Non-inter-level travel time spent in this place.
 C = Inter-level travel time spent in this place.
 D = Time resting spent in this place.
 E = Time spent auto-exploring this place.
 F = Levels seen in this place.
 G = Mean time per level.
                   A        B        C        D        E       F      G
               +--------+--------+--------+--------+--------+-----+--------+
         Total |    300 |    300 |      0 |      0 |    139 |   1 |  300.0 |
       Dungeon |    300 |    300 |      0 |      0 |    139 |   1 |  300.0 |
               +--------+--------+--------+--------+--------+-----+--------+

Top non-repeatable levels by time:
       D: 300 daAuts
